Map: King's Cove LE

Players

ShaDoWn

  • Race: Protoss Protoss
  • League: Grandmaster
  • Spawn Location: 5:00

Lambo - Winner!

  • Race: Zerg Zerg
  • League: Grandmaster
  • Spawn Location: 11:00

VOD

Have the link to the VOD?

Description

Time

  • Played on: Feb. 11, 2019, 10:23 a.m.
  • Length: 11:35
Show
View Real Time Build Order
Export as new Build Order

ShaDoWn Protoss 

Build Orders: 1 Gate Expand, Oracle Opening, Phoenix Opening, Archon Immortal, Archon Drop 

Get SALT Encoding   

  12  0:00  Probe  
  13  0:12  Probe  
  14  0:21  Pylon  
  14  0:24  Probe  
  15  0:35  Probe  
  15  0:40  Gateway  
  16  0:44  Probe  
  16  0:49  Assimilator  
  17  0:55  Probe  
  18  1:07  Probe  
  19  1:19  Probe  
  20  1:27  Nexus  
  20  1:36  Cybernetics Core  
  20  1:38  Probe  
  21  1:45  Assimilator  
  21  1:50  Probe  
  21  1:53  Pylon  
  22  2:03  Adept, Probe  
  23  2:15  Probe  
  26  2:22  Stargate  
  26  2:27  Adept, Probe  
  27  2:36  Warp Gate, Probe  
  29  2:39  Probe  
  29  2:44  Probe  
  33  2:51  Probe  
  33  2:54  Probe  
  34  3:03  Probe x2  
  35  3:06  Phoenix  
  35  3:11  Probe  
  35  3:12  Pylon  
  38  3:15  Probe  
  40  3:20  Probe  
  40  3:24  Assimilator x2  
  41  3:27  Probe  
  41  3:32  Probe  
  43  3:34  Oracle  
  43  3:38  Gateway  
  43  3:39  Probe  
  47  3:42  Probe  
  48  3:50  Probe  
  48  3:51  Probe, Robotics Facility  
  50  3:58  Pylon  
  50  3:59  Probe  
  51  4:04  Probe  
  51  4:05  Twilight Council  
  52  4:11  Probe  
  52  4:16  Probe  
  54  4:21  Gateway x2  
  54  4:23  Pylon  
  54  4:28  Warp Prism  
  55  4:33  Zealot  
  55  4:34  Zealot  
  60  4:46  Templar Archives  
  60  4:58  Nexus  
  60  5:00  Probe x2  
  60  5:04  Pylon  
  62  5:12  Probe x2, Observer  
  65  5:24  Probe x2  
  65  5:25  High Templar x2  
  65  5:27  High Templar x2  
  75  5:30  Forge  
  75  5:31  Archon x2  
  75  5:32  Robotics Facility  
  75  5:43  Pylon  
  75  5:45  Pylon  
  75  5:59  Probe  
  75  6:01  Probe  
  75  6:02  Immortal  
  81  6:10  Probe  
  81  6:12  Probe  
  81  6:13  Protoss Ground Weapons Level 1, Probe, Charge  
  79  6:21  Observer  
  79  6:22  Probe  
  79  6:23  Probe  
  79  6:24  Probe  
  83  6:26  Assimilator  
  83  6:27  Assimilator  
  83  6:30  Probe  
  83  6:31  Probe  
  83  6:32  Probe  
  83  6:38  Probe  
  83  6:39  Probe  
  86  6:40  Probe  
  86  6:41  Immortal  
  86  6:42  Immortal  
  86  6:43  Gateway  
  86  6:45  Gateway  
  97  6:50  Probe  
  99  6:55  Pylon  
  99  7:00  Pylon  
  98  7:06  Psionic Storm  
  98  7:13  Gateway x2  
  98  7:20  Immortal, High Templar x2  
  98  7:22  Immortal, High Templar  
  112  7:23  Probe  
  113  7:42  High Templar  
  115  7:45  Pylon  
  115  7:47  Pylon  
  115  7:48  Immortal  
  115  7:49  Immortal  
  115  7:53  Protoss Ground Weapons Level 2  
  115  7:55  Zealot  
  115  7:57  Nexus  
  115  8:09  High Templar x2  
  115  8:10  Zealot x3  
  125  8:16  Archon  
  125  8:27  High Templar  
  125  8:28  Zealot x2  
  125  8:32  Immortal, Pylon  
  125  8:33  Assimilator  
  131  8:36  Zealot x3  
  131  8:37  Assimilator  
  134  8:43  Immortal  
  134  8:46  Shield Battery  
  138  8:53  High Templar  
  142  9:10  Zealot x2, High Templar x2  
  142  9:11  Zealot x3  
  142  9:12  Immortal  
  142  9:14  Gateway  
  142  9:15  Gateway  
  160  9:17  Pylon  
  160  9:19  Pylon  
  160  9:20  Pylon, Archon  
  160  9:23  Pylon  
  160  9:25  Warp Prism  
  162  9:36  Phoenix  
  164  9:51  Zealot x6  
  164  10:13  High Templar x8  
  180  10:15  Zealot x2  
  180  10:18  Archon x3  
  180  10:19  Archon  
  182  10:32  Pylon  
  166  10:46  Stalker x8  
  137  11:08  Stalker x2  
  91  11:25  Zealot, High Templar x5  
  87  11:26  Zealot  
  87  11:31  Archon x2  
Show
View Real Time Build Order
Export as new Build Order

Lambo Zerg - Winner!

Build Orders: Hatch First 

Get SALT Encoding   

  12  0:01  Drone  
  13  0:12  Overlord  
  13  0:17  Drone  
  14  0:31  Drone x2  
  16  0:49  Hatchery  
  15  0:53  Drone  
  15  0:56  Drone  
  17  0:59  Drone  
  18  1:10  Extractor  
  17  1:15  Spawning Pool  
  16  1:19  Drone  
  16  1:21  Drone  
  18  1:28  Drone  
  19  1:39  Drone  
  20  1:51  Overlord  
  20  2:01  Queen  
  20  2:02  Queen, Zergling x4  
  26  2:13  Drone x2  
  28  2:16  Metabolic Boost  
  28  2:25  Drone x2  
  30  2:40  Hatchery  
  30  2:42  Drone x2  
  31  2:47  Drone  
  31  2:49  Overlord  
  32  2:58  Queen  
  33  3:07  Drone  
  33  3:08  Drone x3  
  33  3:11  Drone x2  
  39  3:14  Drone  
  39  3:19  Overlord  
  40  3:20  Drone  
  41  3:31  Overlord  
  41  3:32  Drone x2  
  41  3:33  Drone  
  44  3:37  Queen  
  44  3:40  Drone x2  
  48  3:45  Drone x3  
  51  3:48  Spore Crawler  
  51  3:51  Drone  
  51  3:52  Spore Crawler  
  50  3:57  Queen  
  50  3:59  Zergling x2  
  50  4:00  Zergling x2  
  50  4:02  Zergling x2  
  55  4:06  Spore Crawler  
  55  4:07  Drone  
  55  4:09  Drone x2  
  57  4:14  Drone  
  58  4:23  Roach Warren  
  58  4:24  Drone  
  58  4:25  Overlord  
  58  4:26  Lair  
  58  4:30  Extractor, Drone  
  58  4:31  Extractor, Drone  
  58  4:42  Overlord  
  58  4:43  Drone x6  
  63  4:45  Overlord x2  
  63  4:46  Drone  
  63  4:48  Evolution Chamber  
  63  4:51  Drone x2  
  65  4:53  Drone  
  66  5:01  Drone  
  66  5:02  Drone x5  
  66  5:04  Drone  
  72  5:07  Drone  
  72  5:13  Zergling x4  
  75  5:15  Zergling x4  
  75  5:16  Zergling x4  
  75  5:19  Extractor, Zerg Missile Weapons Level 1  
  75  5:20  Extractor  
  77  5:24  Overlord x2  
  77  5:27  Overlord  
  77  5:28  Queen  
  77  5:32  Drone  
  77  5:33  Drone x4  
  84  5:38  Roach x2, Hydralisk Den  
  87  5:44  Roach x2  
  91  5:55  Roach x4  
  91  5:56  Zergling x4  
  95  6:03  Drone x5  
  97  6:07  Drone  
  97  6:10  Drone  
  97  6:16  Extractor  
  97  6:17  Grooved Spines, Baneling Nest  
  94  6:18  Infestation Pit  
  94  6:21  Drone x2, Hatchery  
  92  6:27  Drone x2  
  92  6:29  Drone  
  93  6:35  Drone x3  
  93  6:39  Drone  
  97  6:41  Hydralisk x5  
  107  6:47  Hydralisk x3  
  113  6:55  Overlord x2  
  113  6:57  Pneumatized Carapace  
  113  6:59  Overseer  
  113  7:02  Glial Reconstitution  
  113  7:04  Hive  
  113  7:12  Queen  
  113  7:14  Overlord  
  113  7:15  Drone x8  
  123  7:19  Evolution Chamber  
  123  7:20  Extractor  
  123  7:22  Drone x2  
  123  7:23  Spire, Drone  
  123  7:25  Extractor  
  122  7:37  Overseer, Zerg Missile Weapons Level 2  
  122  7:38  Drone x3  
  122  7:39  Drone x5  
  122  7:41  Queen  
  122  7:43  Centrifical Hooks  
  132  7:45  Drone  
  132  7:46  Muscular Augments  
  133  7:52  Baneling x4  
  133  8:00  Hatchery  
  133  8:03  Hydralisk  
  133  8:04  Zergling x18  
  143  8:07  Zerg Melee Weapons Level 1  
  143  8:19  Zergling x2  
  144  8:21  Overlord x2  
  144  8:23  Adrenal Glands  
  144  8:24  Baneling x2  
  144  8:25  Baneling x2  
  144  8:26  Overlord  
  143  8:27  Overlord x2  
  143  8:28  Overlord x2  
  143  8:35  Greater Spire  
  143  8:50  Overlord x2  
  143  8:52  Extractor  
  143  8:54  Corruptor x5  
  143  8:55  Corruptor  
  154  8:56  Extractor, Zergling x20  
  154  8:59  Zergling x2  
  154  9:00  Zergling x2  
  155  9:16  Pathogen Glands, Drone x3  
  158  9:17  Overseer  
  158  9:22  Zergling x26  
  171  9:32  Drone x5  
  176  9:41  Hatchery  
  175  9:57  Brood Lord x6  
  179  10:04  Baneling x4  
  177  10:13  Zergling x40  
  196  10:19  Corruptor  
  195  10:32  Hydralisk x3  
  199  10:40  Baneling x6  
  198  10:51  Baneling x5  
  198  10:52  Overlord x2  
  198  10:54  Baneling x18  
  198  10:56  Overlord  
  194  10:59  Hydralisk  
  194  11:00  Hydralisk x2  
  194  11:01  Overlord  
  194  11:02  Hydralisk x4  
  197  11:07  Hydralisk x8  
Tags
 
Add a new tag
Caveats
  • Supply blocks, unpowered buildings, or Contaminate may cause inaccurate times.
  • Supply counts are checked every 10 seconds.